 Dungeon Crawl Stone Soup version 0.18-a0-1435-gee79d65 (webtiles) character file.

114 Kidiri the Magician (level 4, -1/25 HPs)
             Began as a Deep Elf Fire Elementalist on Feb 29, 2016.
             Slain by Duffy's ghost (10 damage)
             ... on level 3 of the Dungeon.
             The game lasted 00:11:36 (3142 turns).

Kidiri the Magician (Deep Elf Fire Elementalist)    Turns: 3142, Time: 00:11:36

Health: -1/25      AC:  2    Str:  5    XL:     4   Next: 66%
Magic:  9/12       EV:  8    Int: 21    God:
Gold:   143        SH:  0    Dex: 17    Spells: 4 memorised, 2 levels left

rFire  . . .     SeeInvis .     w - +0 dagger (vamp)
rCold  . . .     Gourm    .     a - +0 robe
rNeg   . . .     Faith    .     (no shield)
rPois  .         Spirit   .     (no helmet)
rElec  .         Dismiss  .     (no cloak)
rCorr  .         Reflect  .     (no gloves)
SustAt .         Harm     .     (no boots)
MR     .....                    d - amulet of magic regeneration
Stlth  ++........               t - +2 ring of dexterity
                                c - +2 ring of slaying

@: not resistant to hostile enchantments, unstealthy
A: no striking features
a: no special abilities


You were on level 3 of the Dungeon.
You were not hungry.

You visited 1 branch of the dungeon, and saw 3 of its levels.

You collected 143 gold pieces.

Inventory:

Hand Weapons
 w - a +0 vampiric dagger (weapon)
Armour
 a - a +0 robe (worn)
Jewellery
 c - a +2 ring of slaying (left hand)
 d - an amulet of magic regeneration (around neck)
 m - a +3 ring of evasion
 q - an uncursed ring of positive energy
 t - a +2 ring of dexterity (right hand)
Scrolls
 g - a scroll of magic mapping {unknown}
 i - a scroll of random uselessness {unknown}
 j - a scroll of fog {unknown}
 o - a scroll of amnesia {unknown}
 s - a scroll of remove curse {unknown}
 v - a scroll of immolation {unknown}
 x - a scroll of teleportation {unknown}
Potions
 e - 2 potions of cancellation
 h - 5 potions of flight
 l - a potion of ambrosia
 n - 2 potions of lignification
 p - 2 potions of brilliance {unknown}
 r - a potion of agility
Books
 b - a book of Flames

   Spells                             Type                      Level
   a - Flame Tongue                   Conjuration/Fire             1
   b - Throw Flame                    Conjuration/Fire             2
   c - Conjure Flame                  Conjuration/Fire             3
   d - Inner Flame                    Hexes/Fire                   3
   e - Sticky Flame                   Conjuration/Fire             4
   f - Fireball                       Conjuration/Fire             5
Comestibles
 f - 3 chunks of flesh
 k - 3 meat rations


   Skills:
 + Level 1.1 Fighting
 + Level 2.9 Dodging
 + Level 3.0 Stealth
 * Level 4.3 Spellcasting
 + Level 2.0 Conjurations
 + Level 1.1 Hexes
 + Level 3.8 Fire Magic


You had 2 spell levels left.
You knew the following spells:

 Your Spells              Type           Power        Failure   Level  Hunger
a - Flame Tongue          Conj/Fire      ###..        3%          1    None
b - Throw Flame           Conj/Fire      ###...       6%          2    #......
c - Conjure Flame         Conj/Fire      ###.....     12%         3    ##.....
d - Inner Flame           Hex/Fire       ###.....     14%         3    ##.....


Dungeon Overview and Level Annotations

Branches:
Dungeon (3/15)

Altars:
Makhleb
Xom

Annotations:
D:3 Duffy's ghost, novice CeTm


Message History

Duffy's ghost barely misses you.
Casting: Flame Tongue
Confirm with . or Enter, or press ? or * to list all spells.
Aiming: Flame Tongue
Press: ? - help, Shift-Dir - straight line, f/p - Duffy's ghost
Aim: Duffy's ghost (lightly damaged)
The flame tongue hits Duffy's ghost.
Duffy's ghost appears unharmed.
Duffy's ghost is lightly damaged.
Duffy's ghost hits you!
Casting: Flame Tongue
Confirm with . or Enter, or press ? or * to list all spells.
Aiming: Flame Tongue
Press: ? - help, Shift-Dir - straight line, f/p - Duffy's ghost
Aim: Duffy's ghost (lightly damaged)
The flame tongue hits Duffy's ghost.
Duffy's ghost is moderately damaged.
Duffy's ghost hits you.
Unknown command.
Duffy's ghost hits you!
You die...

#.......+.........'...........
#....####.........#.##......##
#.#.## ##.......##.###.##..#
#.### ##.....###.........# #.#
##...## #########.# ##.##
##'## ####### #.# ##...## #.#
#.....# #.# #.#...# #.#
#.###.###.# ##.#..# ##@#####.#
#.....# ##.#.#
######.W......###(##### ###.#
#.........###.....# #.#
#..###....####..###
#.###..#........##>.#
#........##...#.....#
#####..####......).##
#........####### #######.##


You could see Duffy's ghost.

Vanquished Creatures
  6 adders
  2 worms (D:2)
  2 dart slugs
  A giant gecko (D:1)
  10 bats
  2 giant cockroaches
  2 goblins (D:1)
  7 hobgoblins
  4 jackals
  3 quokkas
  A ball python (D:3)
  A giant newt (D:1)
  5 kobolds
  5 rats
51 creatures vanquished.

Notes
Turn   | Place    | Note
--------------------------------------------------------------
     0 | D:1      | Kidiri the Deep Elf Fire Elementalist began the quest for the Orb.
     0 | D:1      | Reached XP level 1. HP: 10/10 MP: 6/6
   138 | D:1      | Reached XP level 2. HP: 13/15 MP: 0/8
   145 | D:1      | Learned a level 2 spell: Throw Flame
   581 | D:2      | Reached XP level 3. HP: 18/20 MP: 6/10
   586 | D:2      | Learned a level 3 spell: Conjure Flame
   590 | D:2      | Learned a level 3 spell: Inner Flame
   902 | D:2      | Reached skill level 4 in Spellcasting
  1309 | D:2      | Reached skill level 1 in Hexes
  1309 | D:2      | Reached XP level 4. HP: 21/24 MP: 10/12
  1785 | D:3      | Reached skill level 1 in Fighting
  2287 | D:3      | Found a burning altar of Makhleb.
  2288 | D:3      | Found a shimmering altar of Xom.
  2684 | D:3      | Noticed Duffy's ghost (novice CeTm)
  2720 | D:3      | HP: 1/25 [Duffy's ghost (8)]
  3142 | D:3      | Slain by Duffy's ghost

Vault maps used:
D:1:      scummos_arrival_hexagon
D:3:      grunt_temple_overflow_champion_of_chaos

Skill      XL: |  1  2  3  4 |
---------------+-------------+-----
Spellcasting   | 4 |  4.3
Hexes          | 1 |  1.1
Fighting       | 1 |  1.1
Conjurations   | 2 |  2.0
Stealth        | 3 |  3.0
Dodging        | |  2.9
Fire Magic     | |  3.8

Action                   |  1- 3 |  4- 6 || total
-------------------------+-------+-------++-------
Melee: Whip              |     5 |       ||     5
       Dagger            |     2 |    13 ||    15
 Cast: Flame Tongue      |    45 |    46 ||    91
       Throw Flame       |    14 |    15 ||    29
       Conjure Flame     |       |     1 ||     1
  Use: Scroll            |     5 |     1 ||     6
       Potion            |       |     1 ||     1
 Stab: Invisible         |       |     1 ||     1
  Eat: Chunk             |     2 |     5 ||     7
       Bread ration      |     1 |       ||     1
